 Dungeon Crawl Stone Soup version 0.30.1-11-g7821555f0a (webtiles) character file.

Game seed: 472747419530049459

119 GimliDwarf the Grasshopper (level 5, -5/43 HPs)
             Began as a Gnoll Warper on Jan 9, 2024.
             Slain by an orc
             ... wielding a +0 flail of protection
              (8 damage)
             ... on level 3 of the Dungeon.
             The game lasted 00:04:05 (2249 turns).

GimliDwarf the Grasshopper (Gnoll Warper)           Turns: 2249, Time: 00:04:05

Health: -5/43      AC:  5    Str: 11    XL:     5   Next: 3%
Magic:  12/12      EV: 13    Int: 12    God:
Gold:   132        SH:  0    Dex: 13    Spells: 5/14 levels left

rFire   . . .        a - +2 falchion
rCold   . . .        (no shield)
rNeg    . . .        b - +0 leather armour
rPois   +            (no helmet)
rElec   .            (no cloak)
rCorr   .            k - +1 pair of gloves
SInv    .            (no boots)
Will    .....        (no amulet)
Stlth   +            t - ring of poison resistance
HPRegen 0.27/turn    (no ring)
MPRegen 0.13/turn

%: no passive effects
@: no status effects
A: fangs 1, strong nose, distributed training
a: no special abilities


You were on level 3 of the Dungeon.
You visited 1 branch of the dungeon, and saw 4 of its levels.

You collected 132 gold pieces.

Inventory:

Hand Weapons
 a - a +2 falchion (weapon)
Missiles
 d - 7 boomerangs of dispersal
 i - 5 javelins (quivered)
 n - 5 poisoned darts
Armour
 b - a +0 leather armour (worn)
 k - a +1 pair of gloves (worn)
Jewellery
 t - a ring of poison resistance (left hand)
Scrolls
 c - a scroll of blinking
 f - a scroll of poison
Potions
 h - a potion of curing
 l - a potion of lignification
 m - a potion of invisibility {unknown}
 r - a potion of brilliance {unknown}
 s - a potion of degeneration {unknown}


   Skills:
 + Level 4.7 Fighting
 + Level 1.4 Short Blades
 + Level 4.7 Long Blades
 + Level 1.4 Axes
 + Level 1.4 Maces & Flails
 + Level 1.4 Polearms
 + Level 1.4 Staves
 + Level 1.4 Ranged Weapons
 + Level 2.9 Throwing
 + Level 2.9 Armour
 + Level 4.7 Dodging
 + Level 1.4 Stealth
 + Level 1.4 Shields
 + Level 1.4 Unarmed Combat
 + Level 5.1 Spellcasting
 + Level 1.1 Conjurations
 + Level 1.1 Hexes
 + Level 1.1 Summonings
 + Level 1.1 Necromancy
 + Level 5.5 Translocations
 + Level 1.1 Transmutations
 + Level 1.1 Fire Magic
 + Level 1.1 Ice Magic
 + Level 1.1 Air Magic
 + Level 1.1 Earth Magic
 + Level 1.1 Poison Magic
 + Level 1.5 Invocations
 + Level 1.4 Evocations


You had 5 spell levels left.
You knew the following spells:

 Your Spells              Type           Power      Damage    Failure   Level
a - Blink                 Tloc           32%        N/A       3%          2
b - Vhi's Electric Charg  Tloc/Air       22%        N/A       19%         3
c - Manifold Assault      Tloc           16%        N/A       26%         4

Your spell library contained the following spells:

 Spells                   Type           Power      Damage    Failure   Level
 Lesser Beckoning         Tloc           32%        N/A       3%          2
 Teleport Other           Tloc           16%        N/A       8%          3
 Passage of Golubria      Tloc           16%        N/A       26%         4
 Silence                  Hex/Air        2%         N/A       99%         5
 Lehudib's Crystal Spear  Conj/Erth      2%         10d2      100%        8


Dungeon Overview and Level Annotations

Branches:
Dungeon (4/15)
 Temple: D:4-7

Altars:
Trog


Innate Abilities, Weirdness & Mutations

You have very sharp teeth.
Your uncanny sense of smell can sniff out nearby items.
Your experience applies equally to all skills.


Message History

You climb downwards.
The orc priest mumbles some strange prayers to Beogh against you.
Beogh smites you!
There is a stone staircase leading up here.
The orc barely misses you. The orc misses you.
You hit the orc.
The orc is heavily wounded.
The orc closely misses you.
You hit the orc.
You kill the orc!
You hit the orc but do no damage.
The orc hits you with a +0 flail of protection.
The orc priest mumbles some strange prayers to Beogh against you.
Beogh smites you!
You barely miss the orc. The orc closely misses you.
You hit the orc but do no damage. Your bite misses the orc. The orc misses you.
You hit the orc.
The orc is heavily wounded.
The orc priest calls down the wrath of Beogh upon you.
Beogh smites you!
* * * LOW HITPOINT WARNING * * *
The orc hits you with a +0 flail of protection.
* * * LOW HITPOINT WARNING * * *
The orc attacks as you move away! The orc barely misses you.
There is a stone staircase leading up here.
The orc hits you with a +0 flail of protection.
* * * LOW HITPOINT WARNING * * *
You climb upwards.
There is a stone staircase leading down, spattered with blood here.
You hit the orc but do no damage.
The orc is heavily wounded.
The orc hits you but does no damage.
You hit the orc but do no damage.
The orc is heavily wounded.
The orc misses you.
You closely miss the orc. Your bite misses the orc.
The orc is heavily wounded.
The orc hits you with a +0 flail of protection!
You die...

#..# #.#
########.####.#
#........##...# ##
#........##.### #.
#........#..#######.
#...................
#..........###...##.
#..o......###..####.
#..@......###.## ##.
#########..##.####..
##....##...#
##......###
######...####
#......#..#####
#######.#..#.........
#....#....##.##.####.
#...).........#...##.


You could see an orc.

Vanquished Creatures
  An iguana (D:3)
  3 adders
  2 worms (D:2)
  3 dart slugs
  An orc (D:4)
  2 ball pythons (D:2)
  5 bats
  6 endoplasms
  7 giant cockroaches
  2 goblins
  6 hobgoblins
  3 kobolds
  A quokka (D:1)
  2 frilled lizards (D:1)
  7 rats
51 creatures vanquished.

Notes
Turn   | Place    | Note
-------+----------+-------------------------------------------
     0 | D:1      | GimliDwarf the Gnoll Warper began the quest for the Orb.
     0 | D:1      | Reached XP level 1. HP: 20/20 MP: 6/6
   133 | D:1      | Found a faded altar of an unknown god.
   146 | D:1      | Reached XP level 2. HP: 26/26 MP: 7/7
   149 | D:1      | Learned a level 2 spell: Blink
   963 | D:2      | Reached skill level 5 in Spellcasting
   963 | D:2      | Reached XP level 3. HP: 29/31 MP: 7/9
  1062 | D:2      | Reached skill level 1 in Invocations
  1140 | D:2      | You fall into a shaft and drop 1 floor!
  1219 | D:2      | Reached skill level 1 in Short Blades
  1219 | D:2      | Reached skill level 1 in Axes
  1219 | D:2      | Reached skill level 1 in Maces & Flails
  1219 | D:2      | Reached skill level 1 in Polearms
  1219 | D:2      | Reached skill level 1 in Staves
  1219 | D:2      | Reached skill level 1 in Ranged Weapons
  1219 | D:2      | Reached skill level 1 in Stealth
  1219 | D:2      | Reached skill level 1 in Shields
  1219 | D:2      | Reached skill level 1 in Unarmed Combat
  1219 | D:2      | Reached skill level 1 in Evocations
  1293 | D:2      | Reached XP level 4. HP: 37/38 MP: 11/11
  1639 | D:3      | Reached skill level 1 in Conjurations
  1639 | D:3      | Reached skill level 1 in Hexes
  1639 | D:3      | Reached skill level 1 in Summonings
  1639 | D:3      | Reached skill level 1 in Necromancy
  1639 | D:3      | Reached skill level 1 in Transmutations
  1639 | D:3      | Reached skill level 1 in Fire Magic
  1639 | D:3      | Reached skill level 1 in Ice Magic
  1639 | D:3      | Reached skill level 1 in Air Magic
  1639 | D:3      | Reached skill level 1 in Earth Magic
  1639 | D:3      | Reached skill level 1 in Poison Magic
  1917 | D:3      | Found a bloodstained altar of Trog.
  1923 | D:3      | Reached XP level 5. HP: 38/43 MP: 12/12
  2228 | D:3      | Learned a level 3 spell: Vhi's Electric Charge
  2233 | D:3      | Learned a level 4 spell: Manifold Assault
  2245 | D:4      | HP: 1/43 [orc/+0 flail of protection (2)]
  2249 | D:3      | Slain by an orc

Illustrated notes

Levels and vault maps discovered:
D:1:      minmay_arrival_arboretum_small, layout_basic,
          hellmonk_ecumenical_altar_run_dry
D:2:      layout_basic, minmay_unequal
D:3:      layout_rooms, trog_three_pillars_becter,
          chequers_serial_rivers_micro_c
D:4:      layout_loops_cross, mainiacjoe_overflow_alcove_1, uniq_natasha,
          uniq_edmund

Skill      XL: |  1  2  3  4 |
---------------+-------------+-----
Spellcasting   | 5 |  5.1
Invocations    | 1 |  1.5
Short Blades   | 1 |  1.4
Axes           | 1 |  1.4
Maces & Flails | 1 |  1.4
Polearms       | 1 |  1.4
Staves         | 1 |  1.4
Ranged Weapons | 1 |  1.4
Stealth        | 1 |  1.4
Shields        | 1 |  1.4
Unarmed Combat | 1 |  1.4
Evocations     | 1 |  1.4
Conjurations   | 1 |  1.1
Hexes          | 1 |  1.1
Summonings     | 1 |  1.1
Necromancy     | 1 |  1.1
Transmutations | 1 |  1.1
Fire Magic     | 1 |  1.1
Ice Magic      | 1 |  1.1
Air Magic      | 1 |  1.1
Earth Magic    | 1 |  1.1
Poison Magic   | 1 |  1.1
Fighting       | |  4.7
Long Blades    | |  4.7
Throwing       | |  2.9
Armour         | |  2.9
Dodging        | |  4.7
Translocations | |  5.5

Action                     |  1- 3 |  4- 6 || total
---------------------------+-------+-------++-------
  Melee: Falchion          |   103 |    54 ||   157
         Bite              |    12 |     6 ||    18
  Throw: Javelin           |     5 |     3 ||     8
    Use: Scroll            |       |     9 ||     9
   Stab: Sleeping          |     1 |     2 ||     3
 Armour: Leather armour    |    14 |     9 ||    23
  Dodge: Dodged            |    74 |    42 ||   116
